 Dungeon Crawl Stone Soup version 0.30-a0-782-ge64f9170bb (webtiles) character file.

Game seed: 16179752475322362035

287 Jannitor the Trooper (level 6, 0/47 HPs)
             Began as a Djinni Chaos Knight on Mar 1, 2023.
             Was a Plaything of Xom.
             Slain by an iguana (12 damage)
             ... on level 5 of the Dungeon.
             The game lasted 00:04:50 (2221 turns).

Jannitor the Trooper (Djinni Chaos Knight)          Turns: 2221, Time: 00:04:50

Health: 0/47       AC:  7    Str:  9    XL:     6   Next: 56%
Gold:   107        EV: 12    Int: 19    God:    Xom [*.....] SH:  4 Dex: 15

rFire   + . .      SeeInvis .    a - +0 short sword (chaos)
rCold   . . .      Faith    .    n - +0 buckler
rNeg    . . .      Spirit   .    b - +2 leather armour
rPois   ∞          Reflect  .    (helmet restricted)
rElec   .          Harm     .    (no cloak)
rCorr   .          Rampage  .    (no gloves)
Will    .....                    (boots unavailable)
Stlth   ++                       (no amulet)
HPRegen 0.27/turn                i - ring of ice
MPRegen 0.00/turn                (no ring)

@: flying
A: sickness immunity, fire resistance 2, cold vulnerability 1, float, innate
caster, HP casting, extra vitality 1, horns 1, iridescent scales 1, agile 1,
clever 1
a: Renounce Religion


You were on level 5 of the Dungeon.
You worshipped Xom.
You were a special plaything of Xom.
You visited 1 branch of the dungeon, and saw 6 of its levels.

You collected 107 gold pieces.

Inventory:

Hand Weapons
 a - a +0 short sword of chaos (weapon)
Armour
 b - a +2 leather armour (worn)
 n - a +0 buckler (worn)
 s - a +3 ring mail of poison resistance
Jewellery
 i - a ring of ice (left hand)
Wands
 u - a wand of charming (3)
Scrolls
 d - a scroll of amnesia
 h - a scroll of enchant armour {unknown}
 k - a scroll of fog {unknown}
 l - 3 scrolls of identify
 p - a scroll of silence {unknown}
 r - a scroll of butterflies
 t - 2 scrolls of vulnerability {unknown}
Potions
 e - a potion of lignification {unknown}
 f - a potion of haste
 g - a potion of attraction
 j - 2 potions of curing
 m - a potion of might {unknown}
 o - 2 potions of heal wounds {unknown}
Miscellaneous
 c - a piece from Xom's chessboard (15/15) (quivered)


   Skills:
 + Level 3.7 Fighting
 + Level 3.3 Short Blades
 + Level 2.4 Armour
 + Level 3.4 Dodging
 + Level 1.8 Stealth
 + Level 1.4 Shields
 + Level 1.5 Spellcasting


You had 5 spell levels left.
You knew the following spells:

 Your Spells              Type           Power      Damage    Failure   Level
a - Slow                  Hex            28%        N/A       17%         1
b - Call Imp              Summ           7%         N/A       26%         2
Your spell library was empty.

Dungeon Overview and Level Annotations

Branches:
Dungeon (6/15)
 Temple: D:4-7

Altars:

Annotations:
D:3 Grinder


Innate Abilities, Weirdness & Mutations

You are immune to sickness and miasma.
You are immune to poison.
Your flesh is very heat resistant. (rF++)
You are vulnerable to cold. (rC-)
You float through the air rather than walking.
You learn spells naturally, not from books.
Your magical power is your life essence.
You have superior vitality. (+4 MHP)
You have a pair of small horns on your head.
You are partially covered in iridescent scales. (AC +2)
You are agile. (Dex +4, Str/Int -1)
Your mind is acute. (Int +4, Str/Dex -1)


Message History

You hit the centaur.
The centaur changes into a shapeshifter!
The shapeshifter changes into a golden eye!
You hit the golden eye but do no damage.
The golden eye blinks at you.
You are confused.
You're too confused to cast spells.
You're too confused to move!
You're too confused to cast spells.
The golden eye blinks at you. You resist with almost no effort.
You bump into the rock wall.
You closely miss the golden eye. You miss the golden eye.
Your headbutt misses the golden eye. The golden eye blinks at you.
You easily resist.
The golden eye changes into a naga!
You bump into the rock wall.
You feel less confused. The naga hits you! The naga grabs you.
The naga constricts you.
You escape the naga's grasp.
The naga spits poison at you.
The splash of poison hits you but does no damage.
You resist.
There is a stone staircase leading down here.
You fly downwards.
The orc shouts!
Found 3 scrolls labelled NEGEGO KEAVEQ and 14 gold pieces.
Found a stone staircase leading up.
There is a stone staircase leading up here.
The iguana hisses angrily.
The iguana attacks as you move away! The iguana bites you!
There is a stone staircase leading up here.
The iguana bites you!
* * * LOW HITPOINT WARNING * * *
You fly upwards.
Found a green potion.
There is a stone staircase leading down here.
The iguana attacks as you move away! The iguana bites you!
You die...

. . . ###
...
#≈≈###...!#
#≈@l......
#≈..#.#.##
#≈..# #≈..#
+...# #≈..#
#≈..# #≈..#
≈.


You could see an iguana.

Vanquished Creatures
  A scorpion (D:5)
  2 hounds (D:5)
  Ijyb (D:3)
  2 orc wizards (D:5)
  2 worms
  A dart slug (D:2)
  4 orcs
  4 ball pythons
  7 endoplasms
  5 kobolds
  2 quokkas
  5 bats
  4 frilled lizards (D:1)
  8 goblins
  5 rats
53 creatures vanquished.

Vanquished Creatures (collateral kills)
  An orc wizard (D:5)
1 creature vanquished.

Vanquished Creatures (others)
  An orc wizard (D:5)
1 creature vanquished.

Grand Total: 55 creatures vanquished

Notes
Turn   | Place    | Note
-------+----------+-------------------------------------------
     0 | D:1      | Jannitor the Djinni Chaos Knight began the quest for the
                  | Orb.
     0 | D:1      | Reached XP level 1. HP: 20/20 MP: 0/0
     1 | D:1      | Noticed an electric eel
   109 | D:1      | XOM: silly message
   139 | D:1      | XOM: silly message
   194 | D:1      | XOM: give mutations
   194 | D:1      | Gained mutation: You have a pair of small horns on your
                  | head. [Xom's grace]
   194 | D:1      | Gained mutation: You are agile. (Dex +4, Str/Int -1) [Xom's
                  | grace]
   202 | D:1      | XOM: divination: detect items
   230 | D:1      | Reached XP level 2. HP: 25/25 MP: 0/0
   394 | D:1      | XOM: summons friendly crimson imp
   550 | D:1      | Reached XP level 3. HP: 30/30 MP: 0/0
   550 | D:1      | Learned a level 1 spell: Slow
   561 | D:1      | XOM: give mutations
   561 | D:1      | Gained mutation: You are partially covered in iridescent
                  | scales. (AC +2) [Xom's grace]
   561 | D:1      | Gained mutation: Your mind is acute. (Int +4, Str/Dex -1)
                  | [Xom's grace]
  1021 | D:2      | Found a faded altar of an unknown god.
  1145 | D:2      | Identified the +8 spear "Bung" {venom, rF++ rC- Will+
                  | Stlth+}
  1323 | D:2      | XOM: god gift: fizzy purple potion {god gift}
  1345 | D:3      | Noticed Ijyb
  1480 | D:3      | XOM: cleaving
  1493 | D:3      | Killed Ijyb
  1494 | D:3      | Reached skill level 1 in Stealth
  1494 | D:3      | Reached XP level 4. HP: 29/35 MP: 0/0
  1555 | D:3      | Noticed Grinder
  1561 | D:4      | XOM: noise
  1602 | D:4      | an orc changed into a shapeshifter
  1602 | D:4      | Noticed a shapeshifter (shapeshifter)
  1602 | D:4      | XOM: polymorph orc -> shapeshifter
  1602 | D:4      | a shapeshifter changed into a culicivora
  1602 | D:4      | Noticed a culicivora (shapeshifter)
  1603 | D:4      | XOM: summons 4 friendly demons
  1649 | D:5      | Entered Level 5 of the Dungeon
  1696 | D:5      | Reached skill level 1 in Spellcasting
  1696 | D:5      | Reached XP level 5. HP: 40/40 MP: 0/0
  1696 | D:5      | Learned a level 2 spell: Call Imp
  1859 | D:5      | XOM: god gift: wand of charming (5)
  1865 | D:5      | Reached skill level 1 in Shields
  1865 | D:5      | Reached XP level 6. HP: 32/46 MP: 0/0
  1979 | D:5      | XOM: cleaving
  2038 | D:5      | XOM: summons 3 hostile shadow creatures
  2188 | D:5      | XOM: summons 2 hostile shadow creatures
  2200 | D:5      | a centaur changed into a shapeshifter
  2200 | D:5      | Noticed a shapeshifter (shapeshifter)
  2200 | D:5      | a shapeshifter changed into a golden eye
  2200 | D:5      | Noticed a golden eye (shapeshifter)
  2207 | D:5      | a golden eye changed into a naga
  2207 | D:5      | Noticed a naga (shapeshifter)
  2221 | D:5      | Slain by an iguana

Illustrated notes

Levels and vault maps discovered:
D:1:      arrival_aquarium_a, layout_loops_ring, minmay_vboxes
D:2:      wad_lake_hut, layout_rooms, basic_altar,
          shapermc_ecumenical_altar_pompeii, minmay_octomino_e4
D:3:      layout_basic, minivault_11, uniq_sigmund, uniq_ijyb, uniq_natasha,
          uniq_crazy_yiuf_cottage, uniq_grinder
D:4:      layout_loops_corners, minmay_misc_feat_tower, uniq_menkaure
D:5:      layout_basic, lightli_temple_of_fire,
          mainiacjoe_overflow_tiny_flanked, uniq_eustachio
D:6:      layout_loops_ring, mainiacjoe_overflow_catwalk_spiral,
          minmay_crystal_water, kennysheep_small_circle

Skill      XL: |  1  2  3  4  5 |
---------------+----------------+-----
Short Blades   | 3 |  3.3
Stealth        | 1 |  1.8
Dodging        | 3 |  3.4
Spellcasting   | 1 |  1.5
Armour         | 2 |  2.4
Shields        | 1 |  1.4
Fighting       | |  3.7

Action                     |  1- 3 |  4- 6 || total
---------------------------+-------+-------++-------
  Melee: Short sword       |   115 |   111 ||   226
         Headbutt          |    19 |    22 ||    41
   Cast: Slow              |     8 |     3 ||    11
         Call Imp          |       |     7 ||     7
  Evoke: Wand              |       |     2 ||     2
    Use: Scroll            |       |     5 ||     5
         Potion            |       |     8 ||     8
   Stab: Sleeping          |     1 |       ||     1
 Armour: Leather armour    |    37 |    50 ||    87
  Dodge: Dodged            |    61 |   107 ||   168
  Block: Buckler           |     4 |    17 ||    21

Table legend: (Time is in decaauts)
 A = Elapsed time spent in this place.
 B = Non-inter-level travel time spent in this place.
 C = Inter-level travel time spent in this place.
 D = Time resting spent in this place.
 E = Time spent auto-exploring this place.
 F = Levels seen in this place.
 G = Mean time per level.
                   A        B        C        D        E       F      G
               +--------+--------+--------+--------+--------+-----+--------+
         Total |   2173 |   2130 |     43 |    232 |   1374 |   6 |  362.2 |
       Dungeon |   2173 |   2130 |     43 |    232 |   1374 |   6 |  362.2 |
               +--------+--------+--------+--------+--------+-----+--------+

Top non-repeatable levels by time:
     D:1: 807 daAuts
     D:2: 645 daAuts
     D:5: 536 daAuts
     D:3: 93 daAuts
     D:4: 85 daAuts
     D:6: 5 daAuts
